 Seeded DCSS version 0.27-a0-562-g0d39f094a4 (webtiles) character file.

Game seed: 16989952797484863983 (custom seed)

964 karrick the Agent of Entropy (level 7, -1/55 HPs)
             Began as a Demonspawn Abyssal Knight on Mar 8, 2021.
             Was a Priest of Lugonu.
             Slain by a phantom (9 damage)
             ... on level 6 of the Dungeon.
             The game lasted 00:05:47 (5551 turns).

karrick the Agent of Entropy (DsAK)                 Turns: 5551, Time: 00:05:47

Health: -1/55      AC:  0    Str: 14    XL:     7   Next: 93%
Magic:  11/11      EV: 12    Int: 14    God:    Lugonu [***...]
Gold:   287        SH:  4    Dex: 18    Spells: 6/6 levels left

rFire    + . .     SeeInvis .   l - +5 hand axe
rCold    . . .     Faith    .   (no shield)
rNeg     . . .     Spirit   .   v - +1 leather armour {rPois}
rPois    +         Reflect  .   (helmet restricted)
rElec    .         Harm     .   e - +0 cloak
rCorr    .         Rampage  .   B - +0 pair of gloves
Will     .....                  (no boots)
Stlth    ++........             (no amulet)
HPRegen  0.18/turn              k - +6 ring of dexterity
MPRegen  0.12/turn              p - ring of protection from fire

@: about to teleport, corroded
A: antennae 2, sharp scales 2, condensation shield
a: Renounce Religion, Depart the Abyss, Bend Space, Banish


You were on level 6 of the Dungeon.
You worshipped Lugonu.
Lugonu was most pleased with you.
You visited 1 branch of the dungeon, and saw 6 of its levels.
You visited the Abyss 1 time.

You collected 287 gold pieces.

Inventory:

Hand Weapons
 a - a +1 hand axe
 l - a +5 hand axe (weapon)
Armour
 e - a +0 cloak (worn)
 i - +0 gold dragon scales
 v - a +1 leather armour of poison resistance (worn)
 B - a +0 pair of gloves (worn)
Jewellery
 k - a +6 ring of dexterity (left hand)
 p - a ring of protection from fire (right hand)
 w - a ring of magical power
 A - a ring of flight
Wands
 u - a wand of mindburst (5)
Scrolls
 c - 4 scrolls of immolation {unknown}
 d - a scroll of enchant weapon {unknown}
 f - 3 scrolls of identify {unknown}
 g - a scroll of fog {unknown}
 o - a scroll of enchant armour {unknown}
 r - 2 scrolls of teleportation
 t - a scroll of blinking {unknown}
 y - a scroll of magic mapping {unknown}
Potions
 b - a potion of flight {unknown}
 h - 4 potions of attraction {unknown}
 j - a potion of cancellation {unknown}
 m - 2 potions of curing {unknown}
 n - a potion of might {unknown}
 q - a potion of mutation {unknown}
 s - a potion of heal wounds {unknown}
 x - 3 potions of brilliance {unknown}
 z - a potion of degeneration {unknown}


   Skills:
 + Level 4.8 Fighting
 + Level 5.2 Axes
 + Level 3.0 Armour
 + Level 2.1 Dodging
 + Level 2.3 Stealth
 + Level 1.2 Shields
 * Level 5.6 Invocations


You had 6 spell levels left.
You didn't know any spells.
Your spell library contained the following spells:

 Spells                   Type           Power      Damage    Failure   Level
 Animate Skeleton         Necr           0%         N/A       34%         1
 Apportation              Tloc           0%         N/A       34%         1
 Corona                   Hex            0%         N/A       34%         1
 Magic Dart               Conj           0%         1d3       34%         1
 Summon Small Mammal      Summ           0%         N/A       34%         1
 Blink                    Tloc           N/A        N/A       47%         2
 Call Imp                 Summ           0%         N/A       47%         2
 Slow                     Hex            0%         N/A       47%         2
 Conjure Flame            Conj/Fire      0%         6-21      71%         3
 Mephitic Cloud           Conj/Pois/Air  0%         N/A       71%         3


Dungeon Overview and Level Annotations

Branches:
Dungeon (6/15)
 Temple: D:4-7

Altars:
Hepliaklqana
Qazlal
Wu Jian

Shops:
D:6 :

Annotations:
D:5 Sigmund


Innate Abilities, Weirdness & Mutations

You have a pair of antennae on your head.
You are mostly covered in razor-sharp scales. (AC +2, Slay +2)
A meltable shield of frost defends you. (SH +4)


Message History

The phantom hits you but does no damage.
You slash the orc!
You kill the orc!
Lugonu accepts your kill.
You hit the jelly.
Your hands burn!
You hit the phantom but do no damage. The jelly barely misses you.
The phantom misses you.
You closely miss the phantom.
The phantom is moderately damaged.
You hit the jelly.
Your hands burn!
The jelly hits you but does no damage. The phantom hits you.
You hit the jelly. The acid corrodes you!
Your hands burn!
The jelly is severely wounded.
You hit the phantom. The jelly completely misses you. The phantom hits you.
The phantom blinks!
You blink.
Found a scroll labelled PIEDINOMPI.
A worm comes into view.
You hit the phantom.
The phantom is moderately damaged.
The phantom hits you!
You hit the phantom.
The phantom is heavily damaged.
The phantom hits you!
You hit the jelly. The acid corrodes you!
Your hands burn!
The jelly is almost dead.
You hit the phantom but do no damage. The jelly hits you.
You are splashed with acid!
* * * LOW HITPOINT WARNING * * *
The phantom hits you!
* * * LOW HITPOINT WARNING * * *
You are too injured to fight recklessly!
You hit the jelly.
You kill the jelly!
Lugonu accepts your kill.
You hit the phantom but do no damage. The phantom closely misses you.
Unknown command.
As you read the scroll labelled PIEDINOMPI, it crumbles to dust.
You feel strangely unstable.
It was a scroll of teleportation.
The phantom closely misses you. The phantom hits you!
You die...

### #.#...##...## ##.#
###.. ..# #...#.#####.##
#..# #.# ..# ###.....#
#..# ###### #..
..#####.....###.###......
###
.∩.............##......w.
..#####.....####......?..
## ..# #.....# #).........
#. .## ###.#####...# ##..
#. .# #.# #..@W# ?..⌠. #.
.# ####.####....#.⌠!# ..
#####. .##
#.......#...⌠..[.#...
#.....
..####>#######..).#####...
###### ........#
#............
).#.....######........$..#
.##..........##.........#
.##.....########......###
###.....# ###'####


You could see a phantom and a worm.

Vanquished Creatures
  Eustachio (D:4)
  An ice beast (D:6)
  A sky beast (D:5)
  2 ogres (D:6)
  A scorpion (D:6)
  2 hounds
  A jelly (D:6)
  Jessica (D:2)
  Natasha (thrice) (D:2)
  2 orc wizards (D:6)
  A worker ant (D:4)
  Robin (D:2)
  7 adders
  An ufetubus (D:3)
  An ooze (D:3)
  2 worms (D:3)
  An adder skeleton (D:4)
  2 dart slugs
  9 orcs
  A giant cockroach (D:1)
  14 goblins
  7 hobgoblins
  7 jackals
  A quokka (D:2)
  A ball python skeleton (D:4)
  3 bats
  2 frilled lizards (D:1)
  A jackal skeleton (D:4)
  4 kobolds
  5 rats
86 creatures vanquished.

Vanquished Creatures (others)
  2 plants (D:1)
2 creatures vanquished.

Grand Total: 88 creatures vanquished

Notes
Turn   | Place    | Note
-------+----------+-------------------------------------------
     0 | Abyss:1  | karrick the Demonspawn Abyssal Knight began the quest for
                  | the Orb.
     0 | Abyss:1  | Reached XP level 1. HP: 18/18 MP: 2/2
    32 | D:1      | Escaped the Abyss
   288 | D:1      | Gained mutation: A meltable shield of frost defends you.
                  | (SH +4) [demonic ancestry]
   288 | D:1      | Reached XP level 2. HP: 23/24 MP: 4/4
   987 | D:2      | Reached XP level 3. HP: 30/30 MP: 5/5
  1054 | D:2      | Noticed Natasha
  1066 | D:2      | Killed Natasha
  1067 | D:2      | Reached skill level 1 in Dodging
  1161 | D:2      | Reached ** piety under Lugonu
  1323 | D:2      | Found a faded altar of an unknown god.
  1361 | D:2      | Noticed Natasha
  1371 | D:2      | Killed Natasha
  1372 | D:2      | Gained mutation: You are partially covered in razor-sharp
                  | scales. (AC +1, Slay +1) [demonic ancestry]
  1372 | D:2      | Reached XP level 4. HP: 27/37 MP: 6/6
  1382 | D:2      | Noticed Natasha
  1891 | D:2      | Killed Natasha
  2164 | D:2      | Noticed Jessica
  2170 | D:2      | Gained mutation: You are mostly covered in razor-sharp
                  | scales. (AC +2, Slay +2) [demonic ancestry]
  2170 | D:2      | Reached XP level 5. HP: 34/42 MP: 7/7
  2173 | D:2      | Killed Jessica
  2173 | D:2      | Noticed Robin
  2187 | D:2      | Killed Robin
  2188 | D:2      | Reached skill level 1 in Stealth
  2974 | D:3      | Reached *** piety under Lugonu
  3646 | D:4      | Gained mutation: You have a pair of small antennae on your
                  | head. [demonic ancestry]
  3646 | D:4      | Reached XP level 6. HP: 48/48 MP: 9/9
  3761 | D:4      | Noticed Eustachio
  3776 | D:5      | Entered Level 5 of the Dungeon
  3903 | D:5      | Noticed Sigmund
  3921 | D:4      | Killed Eustachio
  4236 | D:5      | Noticed a sky beast
  4249 | D:5      | Killed a sky beast
  4250 | D:5      | Gained mutation: You have a pair of antennae on your head.
                  | [demonic ancestry]
  4250 | D:5      | Reached XP level 7. HP: 28/55 MP: 10/10
  4253 | D:6      | Found a stormy altar of Qazlal.
  4463 | D:6      | Found an ornate altar of the Wu Jian Council.
  4547 | D:6      | Reached skill level 1 in Shields
  4547 | D:6      | Reached skill level 5 in Invocations
  4865 | D:6      | Found Bolemuum's Book Emporium.
  5131 | D:6      | Reached skill level 5 in Axes
  5473 | D:6      | Found a hazy altar of Hepliaklqana.
  5551 | D:6      | Slain by a phantom

Illustrated notes

Levels and vault maps discovered:
D:1:      nzn_arrival_depleted_hourglass, layout_basic, serial_forest,
          infiniplex_forest_straight_2, infiniplex_forest_lined_room_2,
          infiniplex_forest_clump_medium, infiniplex_forest_end_2,
          infiniplex_forest_diagonal, infiniplex_forest_end_double,
          infiniplex_forest_join, infiniplex_forest_corner_2, roderic_lattice_a,
          nemelex_diamond_rough_becter
D:2:      layout_basic, chequers_ecumenical_altar_simple_redux, minivault_19,
          uniq_natasha, uniq_jessica, uniq_robin
D:3:      layout_loops_ring
D:4:      layout_rooms, uniq_eustachio
D:5:      lemuel_ratsnest, layout_cave_pools, nicolae_dithmenos_shadow_blocks,
          zin_statuary, lemuel_altar_in_water, uniq_sigmund
D:6:      layout_loops_ring, lemuel_round_altar, general_overflow_altar,
          nicolae_wu_jian_immortal_techniques, serial_shops, shop, minmay_holes,
          minmay_misc_feat_encased, kennysheep_potato

Skill      XL: |  1  2  3  4  5  6  7 |
---------------+----------------------+-----
Axes           | 2 3 4 5 |  5.2
Armour         | 2 3 |  3.0
Dodging        | 1 2 |  2.1
Invocations    | 3 4 5 |  5.6
Fighting       | 4 |  4.8
Stealth        | 1 2 |  2.3
Shields        | 1 |  1.2

Action                   |  1- 3 |  4- 6 |  7- 9 || total
-------------------------+-------+-------+-------++-------
Melee: Hand axe          |    76 |   177 |    51 ||   304
       Unarmed           |       |     3 |       ||     3
  Use: Scroll            |       |       |     1 ||     1
 Stab: Sleeping          |     2 |     1 |     1 ||     4
Armor: Leather armour    |    19 |    68 |    16 ||   103
Dodge: Dodged            |    31 |    84 |    24 ||   139
Block: Other             |     8 |    30 |     3 ||    41

Table legend: (Time is in decaauts)
 A = Elapsed time spent in this place.
 B = Non-inter-level travel time spent in this place.
 C = Inter-level travel time spent in this place.
 D = Time resting spent in this place.
 E = Time spent auto-exploring this place.
 F = Levels seen in this place.
 G = Mean time per level.
                   A        B        C        D        E       F      G
               +--------+--------+--------+--------+--------+-----+--------+
         Total |   5598 |   5464 |    134 |    506 |   4207 |   7 |  799.7 |
       Dungeon |   5566 |   5432 |    134 |    506 |   4207 |   6 |  927.7 |
         Abyss |     32 |     32 |      0 |      0 |      0 |   1 |   32.0 |
               +--------+--------+--------+--------+--------+-----+--------+

Top non-repeatable levels by time:
     D:2: 1436 daAuts
     D:6: 1300 daAuts
     D:3: 1156 daAuts
     D:1: 959 daAuts
     D:4: 562 daAuts
     D:5: 151 daAuts
 Abyss:1: 32 daAuts
